 Dungeon Crawl Stone Soup version 0.26-a0-663-g36e8fdb655 (console) character file.

Game seed: 18250809956311473955

697 om the Changer (level 7, -1/52 HPs)
             Began as a Red Draconian Transmuter on Oct 12, 2020.
             Slain by a sky beast (5 damage)
             ... on level 5 of the Dungeon.
             The game lasted 00:07:15 (5435 turns).

om the Changer (Red Draconian Transmuter)           Turns: 5435, Time: 00:07:15

Health: -1/52      AC:  2    Str: 14    XL:     7   Next: 37%
Magic:  9/11       EV: 19    Int: 14    God:
Gold:   420        SH:  0    Dex: 16    Spells: 4/12 levels left

rFire    + . .     SeeInvis .     - Unarmed
rCold    . . .     Faith    .   (shield currently unavailable)
rNeg     . . .     Spirit   .   (armour unavailable)
rPois    x         Reflect  .   (helmet currently unavailable)
rElec    .         Harm     .   (cloak currently unavailable)
rCorr    .         Rampage  .   (gloves currently unavailable)
MR       .....                  (boots currently unavailable)
Stlth    +.........             (no amulet)
HPRegen  0.17/turn              g - ring of protection from fire
MPRegen  0.12/turn              (no ring)

@: spider-form
A: tiny, (breathe fire), unfitting armour, AC +6
a: End Transformation


You were on level 5 of the Dungeon.
You were a venomous arachnid creature.
You visited 1 branch of the dungeon, and saw 5 of its levels.

You collected 420 gold pieces.

Inventory:

Jewellery
 g - a ring of protection from fire (left front leg)
Wands
 k - a wand of digging (6)
Scrolls
 a - a scroll of fog
 d - 2 scrolls of fear
 e - 2 scrolls of enchant weapon
 f - 4 scrolls of remove curse {unknown}
 h - a scroll of teleportation
 i - a scroll of enchant armour
Potions
 b - a potion of invisibility
 c - 2 potions of brilliance
 j - a potion of heal wounds {unknown}
 l - a potion of mutation {unknown}
 m - a potion of berserk rage {unknown}
 n - a potion of lignification {unknown}
 o - a potion of ambrosia {unknown}


   Skills:
 - Level 1.1 Fighting
 - Level 1.7 Dodging
 - Level 5.1 Unarmed Combat
 - Level 3.0 Spellcasting
 * Level 5.3 Transmutations
 * Level 3.9 Poison Magic


You had 4 spell levels left.
You knew the following spells:

 Your Spells              Type           Power        Failure   Level
a - Beastly Appendage     Tmut           ###...       10%         1
b - Spider Form           Tmut/Pois      ###.......   24%         3
c - Ice Form              Ice/Tmut       #.......     78%         4

Your spell library contained the following spells:

 Spells                   Type           Power        Failure   Level
 Wereblood                Tmut           ###.....     12%         2
 Confusing Touch          Hex            #.......     75%         3
 Gell's Gravitas          Tloc           #.........   75%         3
 Petrify                  Tmut/Erth      #.......     78%         4
 Blade Hands              Tmut           ###.......   77%         5
 Yara's Violent Unravell  Hex/Tmut       #.........   97%         5
 Metabolic Englaciation   Hex/Ice        #.........   100%        5


Dungeon Overview and Level Annotations

Branches:
Dungeon (5/15)
 Temple: D:4-7

Altars:
Ashenzari


Innate Abilities, Weirdness & Mutations

((You can breathe blasts of fire.))
((Your fiery red scales are hard. (AC +6)))
You cannot fit into any form of body armour.
((Your flesh is heat resistant. (rF+)))
((You are cold-blooded and may be slowed by cold attacks.))


Message History

Confirm with . or Enter, or press ? or * to list all spells.
You turn into a venomous arachnid creature.
An orc comes into view. It is wielding a +0 trident.
The sky beast flickers out of sight!
Deactivating autopickup; reactivate with Ctrl-A.
Something barely misses you.
You closely miss something. Something hits you. Something shocks you.
You hit something but do no damage. You barely miss something.
Something closely misses you.
You miss something. Something hits you. Something shocks you.
You closely miss something. Something hits you.
* * * LOW HITPOINT WARNING * * *
Something shocks you.
* * * LOW HITPOINT WARNING * * *
You hit something but do no damage. Something closely misses you.
The orc closely misses you.
You hit something. Something barely misses you.
You closely miss something. The orc closely misses you. Something hits you.
* * * LOW HITPOINT WARNING * * *
Something shocks you.
You die...

## .## ..## .#.## ....##
.....## .##...###
.###....########## # .#
##............####..#
#..#.#.................#
....###########.s{o<....
....# ###....... ...#
....... ...# . ....###
...# .# ...## ...#..
...# .....# ..## ..##.#
..# ..# .##. ...#


You could see an orc.

Vanquished Creatures
  An ice beast (D:5)
  A phantom (D:5)
  An ogre (D:4)
  A bullfrog (D:4)
  A scorpion (D:4)
  A howler monkey (D:5)
  A hound (D:4)
  An orc wizard (D:4)
  An orc priest (D:5)
  A worker ant (D:4)
  A howler monkey skeleton (D:4)
  7 adders
  An ooze (D:3)
  4 worms
  3 leopard geckos
  11 orcs
  A ball python (D:4)
  9 bats
  3 giant cockroaches
  9 hobgoblins
  9 jackals
  7 kobolds
  5 frilled lizards
  8 goblins
  A jackal skeleton (D:5)
  7 rats
96 creatures vanquished.

Notes
Turn   | Place    | Note
-------+----------+-------------------------------------------
     0 | D:1      | om the Draconian Transmuter began the quest for the Orb.
     0 | D:1      | Reached XP level 1. HP: 16/16 MP: 3/3
   408 | D:1      | Reached XP level 2. HP: 23/23 MP: 3/5
  1501 | D:2      | Reached XP level 3. HP: 21/28 MP: 6/6
  1511 | D:2      | Learned a level 3 spell: Spider Form
  2148 | D:2      | Reached XP level 4. HP: 28/35 MP: 5/7
  3481 | D:3      | Reached skill level 5 in Unarmed Combat
  3566 | D:3      | Found a broken altar of Ashenzari.
  3623 | D:3      | Reached XP level 5. HP: 40/40 MP: 6/8
  3837 | D:4      | Noticed an ogre
  3995 | D:4      | Reached skill level 1 in Poison Magic
  4484 | D:4      | Killed an ogre
  4484 | D:4      | Reached XP level 6. HP: 43/47 MP: 5/9
  4520 | D:4      | Learned a level 4 spell: Ice Form
  5021 | D:5      | Entered Level 5 of the Dungeon
  5044 | D:5      | Noticed an ice beast
  5278 | D:5      | Killed an ice beast
  5278 | D:5      | Your scales start taking on a fiery red colour.
  5278 | D:5      | Reached XP level 7. HP: 52/52 MP: 7/11
  5278 | D:5      | Gained mutation: Your flesh is heat resistant. (rF+) [Red
                  | Draconian growth]
  5314 | D:5      | Reached skill level 5 in Transmutations
  5435 | D:5      | Slain by a sky beast

Illustrated notes

Levels and vault maps discovered:
D:1:      tarquinn_simple_flora_water_e, layout_basic, supply_closet_lemuel
D:2:      layout_rooms
D:3:      layout_loops_corners, lemuel_coloured_pillars_altar
D:4:      layout_basic
D:5:      layout_layer_cave, portal_sewer_entry_d

Skill      XL: |  1  2  3  4  5  6  7 |
---------------+----------------------+-----
Unarmed Combat | 4 5 |  5.1
Transmutations | 3 4 5 |  5.3
Poison Magic   | 2 3 |  3.9
Spellcasting   | 3 |  3.0
Fighting       | |  1.1
Dodging        | |  1.7

Action                   |  1- 3 |  4- 6 |  7- 9 || total
-------------------------+-------+-------+-------++-------
Melee: Unarmed           |   109 |   164 |    37 ||   310
       Kick              |    15 |    29 |       ||    44
       Headbutt          |    14 |     9 |       ||    23
       Tailslap          |     3 |    15 |       ||    18
       Punch             |       |     1 |       ||     1
 Cast: Beastly Appendage |    21 |    33 |       ||    54
       Spider Form       |       |     3 |     4 ||     7
  Use: Scroll            |       |     6 |     1 ||     7
       Potion            |       |     1 |       ||     1
Armor: Skin              |    35 |    62 |     2 ||    99
Dodge: Dodged            |    73 |    95 |    21 ||   189

Table legend: (Time is in decaauts)
 A = Elapsed time spent in this place.
 B = Non-inter-level travel time spent in this place.
 C = Inter-level travel time spent in this place.
 D = Time resting spent in this place.
 E = Time spent auto-exploring this place.
 F = Levels seen in this place.
 G = Mean time per level.
                   A        B        C        D        E       F      G
               +--------+--------+--------+--------+--------+-----+--------+
         Total |   5408 |   5232 |    176 |   1570 |   2871 |   5 | 1081.6 |
       Dungeon |   5408 |   5232 |    176 |   1570 |   2871 |   5 | 1081.6 |
               +--------+--------+--------+--------+--------+-----+--------+

Top non-repeatable levels by time:
     D:1: 1471 daAuts
     D:3: 1409 daAuts
     D:4: 1200 daAuts
     D:2: 960 daAuts
     D:5: 367 daAuts
